 Dungeon Crawl Stone Soup version 0.17-a0-1625-g47e540b (webtiles) character file.

5394 squibie the Carver (level 10, -2/73 HPs)
             Began as a Demigod Gladiator on Aug 2, 2015.
             Slain by a hill giant
             ... wielding a +0 giant spiked club
              (24 damage)
             ... on level 10 of the Dungeon.
             The game lasted 00:26:05 (9318 turns).

squibie the Carver (Demigod Gladiator)              Turns: 9318, Time: 00:26:05

Health: -2/73      AC: 19    Str: 20    XL:     10   Next: 17%
Magic:  13/13      EV:  9    Int: 12    God:
Gold:   549        SH:  6    Dex: 23    Spells: 0 memorised, 9 levels left

rFire  . . .     SeeInvis .     Z - +1 falchion (curse)
rCold  . . .     Clarity  .     E - +3 chain mail
rNeg   + + .     SustAt   +     A - +0 buckler
rPois  .         Gourm    .     d - +0 helmet
rElec  .         Spirit   .     Y - +0 cloak
rCorr  .         Warding  +     v - +2 pair of gloves {Dex+3}
rMut   .         Stasis   .     g - +0 pair of boots
MR     +....                    Q - amulet of warding
Stlth  ..........               V - ring of stealth
                                r - ring of positive energy

@: somewhat resistant to hostile enchantments, extremely unstealthy
A: claws 1, hooves 1, breathe flames 1, high mp 1, sustain attributes
a: Breathe Fire


You were on level 10 of the Dungeon.
You were hungry.

You visited 1 branch of the dungeon, and saw 10 of its levels.

You collected 549 gold pieces.

Inventory:

Hand weapons
 u - a +0 falchion of electrocution
 I - a +0 falchion of holy wrath
 X - a cursed +0 scimitar
 Z - a cursed +1 falchion (weapon)
Missiles
 y - 19 tomahawks (quivered)
Armour
 d - a +0 helmet (worn)
 g - a +0 pair of boots (worn)
 v - a +2 pair of gloves of dexterity (worn)
 x - the +0 robe "Jikeac" {Int+3}
   (You found it on level 4 of the Dungeon)

   It affects your intelligence (+3).
 A - a +0 buckler (worn)
 E - a +3 chain mail (worn)
 K - a +2 robe
 Y - a +0 cloak (worn)
Jewellery
 k - a +3 ring of strength {unknown}
 r - a ring of positive energy (left hand)
 P - an uncursed amulet of stasis
 Q - an amulet of warding (around neck)
 V - a ring of stealth (right hand)
Magical devices
 a - a wand of random effects (25)
 c - a wand of polymorph (17)
 h - a wand of polymorph (8)
 H - a wand of magic darts (48)
 O - a wand of paralysis (8)
 R - a wand of cold (9)
Scrolls
 i - 2 scrolls of teleportation
 j - 3 scrolls of blinking {unknown}
 n - 4 scrolls of identify
 C - 3 scrolls of fear {unknown}
Potions
 b - 2 potions of brilliance {unknown}
 m - 5 potions of curing
 o - a potion of agility {unknown}
 q - 2 potions of flight {unknown}
 t - 2 potions of magic {unknown}
 z - a potion of cancellation {unknown}
 F - 4 potions of heal wounds {unknown}
 G - 3 potions of degeneration {unknown}
 N - a potion of resistance {unknown}
 U - 2 potions of might {unknown}
Books
 w - a book of the Earth

   Spells                             Type                      Level
   a - Leda's Liquefaction            Hexes/Earth                  4
   b - Bolt of Magma                  Conjuration/Fire/Earth       5
   c - Statue Form                    Transmutation/Earth          6
   d - Iron Shot                      Conjuration/Earth            6
   e - Shatter                        Earth                        9
 D - a Grand Grimoire

   Spells                             Type                      Level
   a - Monstrous Menagerie            Summoning                    6
   b - Summon Greater Demon           Summoning                    7
   c - Malign Gateway                 Summoning/Translocation      7
   d - Summon Horrible Things         Summoning                    8
 W - a book of Ice

   Spells                             Type                      Level
   a - Ice Form                       Ice/Transmutation            4
   b - Metabolic Englaciation         Hexes/Ice                    5
   c - Ozocubu's Refrigeration        Ice                          6
   d - Bolt of Cold                   Conjuration/Ice              6
   e - Freezing Cloud                 Conjuration/Ice/Air          6
   f - Simulacrum                     Ice/Necromancy               6
Comestibles
 e - 7 bread rations
 f - 2 royal jellies
 l - a fruit
 p - 7 beef jerkies
 s - 2 meat rations
 T - 3 slices of pizza


   Skills:
 - Level 1.7 Fighting
 + Level 13.0 Long Blades
 - Level 1.7 Throwing
 - Level 4.0 Armour
 - Level 2.6 Dodging
 - Level 3.2 Shields


You had 9 spell levels left.
You didn't know any spells.

Dungeon Overview and Level Annotations

Branches:
Dungeon (10/15)            Temple (0/1) D:7             Orc (0/4) D:9
   Lair: D:8-11


Innate Abilities, Weirdness & Mutations

You have an increased reservoir of magic (+10% MP).
Your attributes are resistant to harm.
You have sharp fingernails.
You have large cloven feet.
You can breathe flames.


Message History

The adder struggles to escape the net.
The hill giant hits you with a giant spiked club!!
* * * LOW HITPOINT WARNING * * *
Throwing (i - inventory. (,) - cycle):
J - a throwing net (quivered)
Press: ? - help, Shift-Dir - straight line, f/p - hill giant
Aim: a hill giant, wielding a giant spiked club (lightly wounded)
You throw a throwing net. The throwing net hits the hill giant.
The hill giant is too large for the net to hold!
The hill giant is lightly wounded.
The adder struggles to escape the net. x2
The adder struggles to escape the net.
The adder struggles against the net.
The adder struggles to escape the net.
The adder breaks free.
Read which item? (? for menu, Esc to quit)
As you read the scroll labeled XULULEGAES, it crumbles to dust.
It is a scroll of identify.
Identify which item? (\ to view known items) (? for menu, Esc to quit)
i - 2 scrolls of teleportation The hill giant hits you with a giant spiked club!!
You die...

#... #### # # ##### # #....
###'### ######....
#......#############.........
#......#S(.C@........####....
#......'.############# #....
'....(.### #.<.. #.(.(..
#.... #(..... ##### ###'###
#. # +


You could see a hill giant and an adder.

Vanquished Creatures
  The ghost of cireshan the Conjurer, an experienced DECj (D:4)
  Eustachio (D:5)
  A wyvern (D:10)
  A hippogriff (D:9)
  A mottled dragon (D:10)
  4 orc warriors
  Duvessa (D:5)
  3 ice beasts
  A water moccasin (D:8)
  A phantom (D:5)
  5 ogres
  3 sky beasts
  2 centaurs
  A crocodile (D:5)
  An eye of draining (D:10)
  9 giant frogs
  2 big kobolds (D:9)
  A gnoll sergeant (D:9)
  Blork the orc (D:6)
  Dowan (D:5)
  3 killer bees (D:8)
  3 scorpions
  A water moccasin skeleton (D:4)
  8 wights
  2 crimson imps
  5 hounds
  2 orc priests (D:7)
  2 centaur zombies
  4 orc wizards
  2 centaur skeletons
  3 iguanas
  8 worker ants
  9 adders
  9 gnolls
  A shadow imp (D:6)
  2 oozes
  A worm (D:2)
  An adder skeleton (D:5)
  6 giant geckos
  33 orcs
  5 ball pythons
  8 bats
  5 giant cockroaches
  11 goblins
  8 hobgoblins
  12 jackals
  4 quokkas
  2 giant gecko skeletons
  5 giant newts
  16 kobolds
  A quokka skeleton (D:7)
  5 rats
228 creatures vanquished.

Notes
Turn   | Place    | Note
--------------------------------------------------------------
     0 | D:1      | squibie the Demigod Gladiator began the quest for the Orb.
     0 | D:1      | Reached XP level 1. HP: 17/17 MP: 3/3
    50 | D:1      | Reached skill level 3 in Long Blades
   339 | D:1      | Reached XP level 2. HP: 24/24 MP: 4/4
   662 | D:1      | Reached skill level 1 in Armour
  1113 | D:2      | Reached XP level 3. HP: 29/29 MP: 5/5
  1695 | D:3      | Reached skill level 4 in Long Blades
  1695 | D:3      | Reached XP level 4. HP: 27/36 MP: 6/6
  2213 | D:3      | Found a shimmering altar of Xom.
  2666 | D:4      | Noticed an ogre
  2671 | D:4      | Killed an ogre
  2671 | D:4      | Reached XP level 5. HP: 21/41 MP: 7/7
  2678 | D:4      | Got a distressingly furry robe
  2689 | D:4      | Identified the cursed +0 robe "Jikeac" {Int+3} (You found it on level 4 of the Dungeon)
  2718 | D:4      | Noticed cireshan's ghost (experienced DECj)
  2915 | D:4      | Found a sparkling altar of Nemelex Xobeh.
  2952 | D:4      | Reached skill level 5 in Long Blades
  3024 | D:4      | Noticed an ogre
  3032 | D:4      | Killed an ogre
  3032 | D:4      | Reached XP level 6. HP: 48/48 MP: 8/8
  3431 | D:4      | Killed cireshan's ghost
  3431 | D:4      | Reached XP level 7. HP: 32/53 MP: 9/9
  3499 | D:5      | Entered Level 5 of the Dungeon
  3554 | D:5      | Noticed Dowan
  3555 | D:5      | Noticed Duvessa
  3766 | D:5      | Reached skill level 6 in Long Blades
  4060 | D:5      | Found a glowing golden altar of the Shining One.
  4062 | D:5      | Found a deep blue altar of Sif Muna.
  4233 | D:5      | Noticed Eustachio
  4303 | D:5      | Killed Eustachio
  4303 | D:5      | Reached skill level 7 in Long Blades
  4823 | D:5      | Reached XP level 8. HP: 31/60 MP: 10/10
  4856 | D:5      | Gained mutation: You can breathe flames. [mutagenic meat]
  4863 | D:5      | Killed Duvessa
  4863 | D:5      | Reached skill level 8 in Long Blades
  4865 | D:5      | Gained mutation: You have sharp fingernails. [mutagenic meat]
  4881 | D:5      | Killed Dowan
  5499 | D:6      | Reached skill level 9 in Long Blades
  5591 | D:6      | Found a stormy altar of Qazlal.
  5917 | D:6      | Noticed Blork the orc
  5925 | D:6      | Killed Blork the orc
  6192 | D:7      | Found a staircase to the Ecumenical Temple.
  6288 | D:7      | Reached skill level 10 in Long Blades
  6368 | D:7      | Reached XP level 9. HP: 67/67 MP: 11/11
  6411 | D:7      | Found a basalt altar of Yredelemnul.
  6612 | D:7      | Found a glowing silver altar of Zin.
  6613 | D:7      | Found a shadowy altar of Dithmenos.
  6613 | D:7      | Found a stormy altar of Qazlal.
  6617 | D:7      | Found a white marble altar of Elyvilon.
  6754 | D:8      | Found Fyujifil's General Store.
  6837 | D:8      | Reached skill level 11 in Long Blades
  7547 | D:9      | Found a staircase to the Orcish Mines.
  7693 | D:9      | Reached skill level 12 in Long Blades
  8319 | D:9      | Reached XP level 10. HP: 62/73 MP: 13/13
  8336 | D:9      | Gained mutation: You have large cloven feet. [potion of mutation]
  8476 | D:9      | Found a bloodstained altar of Trog.
  8934 | D:10     | Entered Level 10 of the Dungeon
  9303 | D:10     | Reached skill level 13 in Long Blades
  9304 | D:10     | Noticed a hill giant
  9318 | D:10     | Slain by a hill giant

Vault maps used:
D:1:      minmay_arrival_shattered_statue
D:3:      xom_teletrap_fun
D:4:      overflow_temple_1_default, serial_glass, glass_columns_b,
          glass_columns_a, glass_columns_a, glass_columns_a, glass_columns_b,
          glass_columns_b, glass_columns_b, glass_columns_c, glass_columns_a,
          glass_columns_b, glass_columns_a, glass_columns_a, glass_columns_c,
          glass_columns_a
D:5:      grunt_temple_overflow_open, first_bread, uniq_duvessa, uniq_eustachio
D:6:      basic_altar, uniq_blork_the_orc
D:7:      minitemple, minmay_temple_entry_overgrown, grunt_ogre_cave
D:8:      serial_shops, shop
D:9:      kennysheep_little_box, david_orc_2, hangedman_abyss_or_decor_slice
D:10:     uniq_maud

Action                   |  1- 3 |  4- 6 |  7- 9 | 10-12 || total
-------------------------+-------+-------+-------+-------++-------
Melee: Long sword        |   137 |    38 |       |       ||   175
       Falchion          |       |    74 |   619 |    82 ||   775
Throw: Throwing net      |       |     6 |     3 |     3 ||    12
       Tomahawk          |       |     1 |       |     5 ||     6
 Abil: Breathe Fire      |       |       |     1 |       ||     1
  Use: Scroll            |       |     1 |     1 |     5 ||     7
       Potion            |       |       |       |     3 ||     3
 Stab: Sleeping          |     1 |       |       |       ||     1
       Held in net/web   |       |     1 |     3 |       ||     4
  Eat: Chunk             |     2 |     6 |    15 |     3 ||    26
       Fruit             |       |       |     4 |       ||     4
